 Dungeon Crawl Stone Soup version 0.30-a0-591-g3c58d2bc28 (webtiles) character file.

Game seed: 15186221592854083717

62 Citaku the Covered (level 3, -1/33 HPs)
             Began as a Minotaur Fighter on Jan 6, 2023.
             Killed from afar by Sigmund (9 damage)
             ... with a puff of flame
             ... on level 2 of the Dungeon.
             The game lasted 00:01:56 (1327 turns).

Citaku the Covered (Minotaur Fighter)               Turns: 1327, Time: 00:01:57

Health: -1/33      AC:  7    Str: 20    XL:     3   Next: 85%
Magic:  2/2        EV:  9    Int:  5    God:
Gold:   63         SH:  0    Dex: 11    Spells: 2/2 levels left

rFire   . . .      SeeInvis .    a - +0 war axe
rCold   . . .      Faith    .    c - +0 buckler
rNeg    . . .      Spirit   .    b - +0 scale mail
rPois   .          Reflect  .    (helmet restricted)
rElec   .          Harm     .    (no cloak)
rCorr   .          Rampage  .    (no gloves)
Will    .....                    (no boots) Stlth
                                 (no amulet)
HPRegen 0.25/turn                (no ring)
MPRegen 0.08/turn                (no ring)

@: confused, mighty
A: horns 2, retaliatory headbutt
a: no special abilities


You were on level 2 of the Dungeon.
You visited 1 branch of the dungeon, and saw 2 of its levels.

You collected 63 gold pieces.

Inventory:

Hand Weapons
 a - a +0 war axe (weapon)
Armour
 b - a +0 scale mail (worn)
 c - a +0 buckler (worn)
Scrolls
 e - a scroll of enchant armour {unknown}
 g - a scroll of blinking {unknown}
 h - a scroll of teleportation {unknown}
 i - a scroll of identify {unknown}
 l - a scroll of magic mapping {unknown}
Potions
 f - a potion of lignification {unknown}
 j - a potion of mutation {unknown}
 k - a potion of curing {unknown}
 m - a potion of haste {unknown}


   Skills:
 + Level 4.1 Fighting
 * Level 3.5 Axes
 * Level 4.5 Armour
 + Level 4.0 Shields


You had 2 spell levels left.
You didn't know any spells.
Your spell library was empty.

Dungeon Overview and Level Annotations

Branches:
Dungeon (2/15)

Altars:

Annotations:
D:2 Sigmund


Innate Abilities, Weirdness & Mutations

You have a pair of horns on your head.
You reflexively headbutt those who attack you in melee.


Message History

2 kobolds come into view.
The kobold shouts! x2; You hear a shout!
Sigmund the Dreaded comes into view.
He is wielding a +0 scythe.
An endoplasm comes into view.
Sigmund screams, "Don't try to resist!"
You closely miss the kobold. You slash the kobold!
You kill the kobold!
You block the kobold's attack.
Sigmund drinks a potion.
Sigmund's spells are empowered!
Sigmund says, "Don't worry, I'll kill you fast."
The kobold hits you with a +0 whip.
The endoplasm quivers.
You slash the kobold!
You kill the kobold!
Sigmund closely misses you. Sigmund gestures at you while chanting.
The puff of flame hits you.
Things that are here:
a +0 whip; a kobold corpse You feel very mighty all of a sudden.
The endoplasm freezes you.
You are frozen.
Sigmund points at you and mumbles some strange words.
The magic dart hits you.
You slash Sigmund!
Sigmund is heavily wounded.
You barely miss the endoplasm. The endoplasm closely misses you.
Sigmund points at you and mumbles some strange words.
You are confused.
The endoplasm attacks as you move away!
The endoplasm hits you but does no damage.
Sigmund hits you from afar with a +0 scythe.
You're too confused to move!
The endoplasm freezes you.
You are frozen.
The endoplasm hits you.
* * * LOW HITPOINT WARNING * * *
Sigmund points at you and mumbles some strange words.
The puff of flame hits you!
You die...

#..## .. ##. ##... #. #...
....#### # .. #....
#...... .. ... # ...
#....##... #.
.#.##.##......... #..
................. ... ...
#....J@..#... ...
....###..@.....# ..#
.........#########. #
#.####...####..........#.#
##.....#............#
######..#.#.......>.....
#.........#.............
#.#.............# #....#.#
##...............+
#.#..#..
........#........#
#.......


You could see Sigmund (empowered) and an endoplasm.

Vanquished Creatures
  2 adders (D:2)
  A gnoll (D:1)
  A dart slug (D:1)
  5 bats (D:1)
  6 endoplasms
  2 giant cockroaches (D:1)
  A goblin (D:2)
  A hobgoblin (D:1)
  5 kobolds
  2 quokkas (D:1)
  A ball python (D:1)
  A frilled lizard (D:1)
  6 rats
34 creatures vanquished.

Notes
Turn   | Place    | Note
-------+----------+-------------------------------------------
     0 | D:1      | Citaku the Minotaur Fighter began the quest for the Orb.
     0 | D:1      | Reached XP level 1. HP: 19/19 MP: 0/0
   159 | D:1      | Found a faded altar of an unknown god.
   169 | D:1      | Reached XP level 2. HP: 16/27 MP: 1/1
   674 | D:1      | Reached XP level 3. HP: 30/33 MP: 2/2
  1316 | D:2      | Noticed Sigmund
  1327 | D:2      | Killed from afar by Sigmund

Illustrated notes

Levels and vault maps discovered:
D:1:      roderic_dead_forest, layout_basic, chequers_ecumenical_altar_simple
D:2:      layout_basic, basic_altar, uniq_sigmund

Skill      XL: |  1  2  3 |
---------------+----------+-----
Axes           | 3 |  3.5
Armour         | 4 |  4.5
Fighting       | 4 |  4.1
Shields        | 4 |  4.0

Action                   || total
-------------------------++-------
Melee: War axe           ||    78
       Headbutt          ||     9
  Use: Potion            ||     1
Armor: Scale mail        ||    55
Dodge: Dodged            ||    53
Block: Buckler           ||    25

Table legend: (Time is in decaauts)
 A = Elapsed time spent in this place.
 B = Non-inter-level travel time spent in this place.
 C = Inter-level travel time spent in this place.
 D = Time resting spent in this place.
 E = Time spent auto-exploring this place.
 F = Levels seen in this place.
 G = Mean time per level.
                   A        B        C        D        E       F      G
               +--------+--------+--------+--------+--------+-----+--------+
         Total |   1358 |   1358 |      0 |      0 |    988 |   2 |  679.0 |
       Dungeon |   1358 |   1358 |      0 |      0 |    988 |   2 |  679.0 |
               +--------+--------+--------+--------+--------+-----+--------+

Top non-repeatable levels by time:
     D:1: 1170 daAuts
     D:2: 187 daAuts
